 Dungeon Crawl Stone Soup version 0.28.0-53-g5a82cb258f (webtiles) character file.

Game seed: 16940249139627869157

244 diana the Insei (level 5, -2/42 HPs)
             Began as a Demigod Transmuter on Aug 15, 2022.
             Slain by a gnoll
             ... wielding a +0 flail of protection
              (12 damage)
             ... on level 2 of the Dungeon.
             The game lasted 00:10:33 (5104 turns).

diana the Insei (Demigod Transmuter)                Turns: 5104, Time: 00:10:34

Health: -2/42      AC:  2    Str: 11    XL:     5   Next: 52%
Magic:  17/19      EV: 20    Int: 19    God:
Gold:   231        SH:  0    Dex: 19    Spells: 1/7 levels left

rFire   . . .      SeeInvis .     - Unarmed
rCold   . . .      Faith    .   (shield currently unavailable)
rNeg    . . .      Spirit   .   (armour currently unavailable)
rPois   x          Reflect  .   (helmet currently unavailable)
rElec   .          Harm     .   (cloak currently unavailable)
rCorr   +          Rampage  .   (gloves currently unavailable)
Will    .....                   (boots currently unavailable)
Stlth   ++........              (no amulet)
HPRegen 0.14/turn               c - ring of resist corrosion
MPRegen 0.16/turn               h - ring of magical power

@: spider-form (expiring)
A: venomous fangs, tiny, high MP 1, forlorn, divine attributes
a: End Transformation


You were on level 2 of the Dungeon.
You were a venomous arachnid creature.
You visited 1 branch of the dungeon, and saw 4 of its levels.

You collected 231 gold pieces.

Inventory:

Armour
 a - a +0 robe (melded)
 i - a +0 cloak (melded)
 m - a +0 pair of gloves (melded)
Jewellery
 c - a ring of resist corrosion (left front leg)
 h - a ring of magical power (right front leg)
 j - a ring of ice
Wands
 k - a wand of iceblast (10)
 n - a wand of polymorph (9)
Scrolls
 e - 2 scrolls of noise {unknown}
 g - a scroll of identify {unknown}
 l - 2 scrolls of fear {unknown}
 o - a scroll of amnesia {unknown}
 p - a scroll of fog {unknown}
 q - a scroll of magic mapping {unknown}
Potions
 b - 2 potions of flight {unknown}
 d - 3 potions of heal wounds {unknown}
 f - 4 potions of curing {unknown}


   Skills:
 + Level 2.6 Fighting
 + Level 3.1 Dodging
 - Level 4.0 Unarmed Combat
 + Level 1.8 Spellcasting
 + Level 3.0 Transmutations


You had one spell level left.
You knew the following spells:

 Your Spells              Type           Power      Damage    Failure   Level
a - Beastly Appendage     Tmut           26%        N/A       14%         1
b - Wereblood             Tmut           13%        N/A       21%         2
c - Spider Form           Tmut/Pois      7%         N/A       50%         3

Your spell library contained the following spells:

 Spells                   Type           Power      Damage    Failure   Level
 Ignite Poison            Fire/Tmut/Pois 5%         N/A       56%         3
 Gell's Gravitas          Tloc           1%         N/A       67%         3
 Lesser Beckoning         Tloc           1%         N/A       67%         3
 Mephitic Cloud           Conj/Pois/Air  1%         N/A       67%         3
 Teleport Other           Tloc           1%         N/A       67%         3
 Ice Form                 Ice/Tmut       7%         N/A       85%         4
 Freezing Cloud           Conj/Ice/Air   0%         6-21      100%        5


Dungeon Overview and Level Annotations

Branches:
Dungeon (4/15)
 Temple: D:4-7

Shops:
D:3 *


Innate Abilities, Weirdness & Mutations

You are a venomous arachnid creature.
You have poisonous fangs.
You are tiny and dextrous.
Your spellcasting is less reliable in this form.
Your armour is entirely melded.
You are incapable of wielding weapons or throwing items.
You have an increased reservoir of magic. (+10% MP)
You shall have no god before yourself.
Your divine heritage dramatically boosts your attributes as you level up.


Message History

There is a stone staircase leading down here.
You feel sick.
The gnoll shouts!
You climb downwards.
You feel sick.
There is a stone staircase leading up here.
You start resting.
You feel sick.
You are no longer poisoned.
You start resting.
Magic restored.
You start resting.
Your magical contamination has completely faded away.
You start resting.
HP restored.
Casting: Spider Form (quite dangerous; 28% risk of failure)
Confirm with . or Enter, or press ? or * to list all spells.
The spell is quite dangerous to miscast (28% risk of failure)!
Continue anyway?
You turn into a venomous arachnid creature.
Your +0 cloak melds into your body.
Your +0 pair of gloves melds into your body.
Your +0 robe melds into your body.
You climb upwards.
The gnoll hits you with the +11 short sword of Karma {distort, Will++ Int+3}.
Space warps around you. The gnoll completely misses you. x2
There is a stone staircase leading down here.
The gnoll shouts!
You hit the gnoll.
The gnoll is poisoned.
The gnoll is moderately wounded.
Your transformation is almost over.
The gnoll barely misses you.
The gnoll hits you with the +11 short sword of Karma {distort, Will++ Int+3}!
Space warps around you.
You hit the gnoll.
The gnoll is severely wounded.
You kill the gnoll!
The gnoll hits you with a +0 flail of protection!
You hit the gnoll but do no damage.
The gnoll hits you from afar with a +0 spear.
* * * LOW HITPOINT WARNING * * *
The gnoll hits you with a +0 flail of protection!
You die...

#.......#.##................
#.......#.##.#.....|........
######.##.##.##.....#.......
#..#.##.........##.....
##.#.##.........##.....
#.#.##.........###....
#...##.g.......# ##...
#...)g.g#..#######..#.
#....s....#######..##.
#.....................
#..##.#..######.#####.
#...........###.##....
#.........#.#...#..###
#.................## #
#...###..##..#########
#.#.#....#8..8#.....##
#.#...##.......####...


You could see 3 gnolls.

Vanquished Creatures
  A scorpion (D:4)
  A howler monkey (D:4)
  A gnoll (D:2)
  4 adders
  An adder skeleton (D:4)
  8 dart slugs
  9 orcs
  8 ball pythons
  6 bats
  3 endoplasms
  A giant cockroach (D:1)
  5 goblins
  5 hobgoblins
  4 jackals (D:2)
  5 quokkas
  3 frilled lizards
  7 kobolds
  6 rats
78 creatures vanquished.

Notes
Turn   | Place    | Note
-------+----------+-------------------------------------------
     0 | D:1      | diana the Demigod Transmuter began the quest for the Orb.
     0 | D:1      | Reached XP level 1. HP: 15/15 MP: 5/5
    20 | D:1      | Reached skill level 1 in Fighting
   409 | D:1      | Reached XP level 2. HP: 18/23 MP: 5/7
  1076 | D:1      | Learned a level 2 spell: Wereblood
  1216 | D:2      | Reached skill level 3 in Unarmed Combat
  1260 | D:2      | Identified the +11 short sword of Karma {distort, Will++
                  | Int+3}
  1526 | D:2      | Reached XP level 3. HP: 24/28 MP: 4/8
  2341 | D:3      | Found Raisaf's Assorted Antiques.
  3087 | D:3      | Reached XP level 4. HP: 32/36 MP: 9/9
  3098 | D:3      | Learned a level 3 spell: Spider Form
  3463 | D:4      | Reached XP level 5. HP: 25/41 MP: 10/10
  3879 | D:4      | Reached skill level 4 in Unarmed Combat
  5104 | D:2      | Slain by a gnoll

Illustrated notes

Levels and vault maps discovered:
D:1:      wander_arrival_fairy_ring, layout_rooms
D:2:      layout_rooms, st_stairs_6, lemuel_flame_loot_1
D:3:      layout_rooms, serial_shops, nicolae_shop_crystal,
          ebering_ecumenical_altar_box, minmay_starry_boxes
D:4:      layout_layer_cave, grunt_ministairs_6

Skill      XL: |  1  2  3  4  5 |
---------------+----------------+-----
Fighting       | 1 2 |  2.6
Dodging        | 2 3 |  3.1
Transmutations | 2 3 |  3.0
Unarmed Combat | 3 4 |  4.0
Spellcasting   | |  1.8

Action                   |  1- 3 |  4- 6 || total
-------------------------+-------+-------++-------
Melee: Unarmed           |   151 |    78 ||   229
       Headbutt          |    19 |     5 ||    24
       Kick              |    37 |     8 ||    45
       Punch             |     3 |     1 ||     4
 Cast: Beastly Appendage |    35 |     8 ||    43
       Wereblood         |     4 |     2 ||     6
       Spider Form       |       |     2 ||     2
 Stab: Sleeping          |     1 |     1 ||     2
Armor: Robe              |    29 |    13 ||    42
       Skin              |       |     1 ||     1
Dodge: Dodged            |   101 |    48 ||   149
